Map: 2000 Atmospheres LE

Players

mint

  • Race: Zerg Zerg
  • League: Diamond
  • Spawn Location: 3:00

llllllllllll - Winner!

  • Race: Protoss Protoss
  • League: Diamond
  • Spawn Location: 7:00

VOD

Have the link to the VOD?

Description

Time

  • Played on: March 11, 2022, 12:06 p.m.
  • Length: 6:30
Show
View Real Time Build Order
Export as new Build Order

mint Zerg 

Build Orders: Hatch First, Roach Nydus 

Get SALT Encoding   

  12  0:01  Drone  
  13  0:09  Drone  
  14  0:17  Overlord  
  14  0:37  Drone  
  15  0:47  Hatchery  
  14  1:07  Drone, Spawning Pool  
  14  1:08  Drone  
  15  1:12  Extractor  
  14  1:21  Drone  
  14  1:22  Drone  
  16  1:29  Drone  
  17  1:43  Drone  
  19  1:56  Zergling x2, Queen  
  19  2:01  Hatchery  
  21  2:02  Extractor, Drone  
  21  2:03  Roach Warren  
  20  2:13  Drone  
  21  2:34  Spine Crawler  
  21  2:35  Overlord  
  20  2:50  Roach  
  22  2:52  Overlord  
  22  2:56  Roach  
  24  3:02  Lair  
  24  3:12  Ravager  
  25  3:13  Roach  
  25  3:16  Roach  
  25  3:19  Ravager  
  30  3:36  Ravager  
  31  3:43  Drone x2  
  33  3:52  Ravager  
  33  4:09  Roach x3  
  39  4:20  Zergling x2  
  39  4:21  Zergling x4  
  42  4:41  Nydus Network, Queen  
  38  4:51  Spine Crawler  
  35  4:55  Roach  
  33  5:21  Roach x3  
  36  5:24  Queen  
  37  5:31  Roach  
  37  5:33  Roach  
  35  5:50  Ravager x2  
Show
View Real Time Build Order
Export as new Build Order

llllllllllll Protoss - Winner!

Build Orders:  

Get SALT Encoding   

  12  0:00  Probe  
  13  0:12  Probe  
  14  0:19  Pylon  
  14  0:24  Probe  
  15  0:37  Probe  
  15  0:41  Forge  
  16  0:50  Gateway  
  16  0:54  Probe  
  17  0:58  Assimilator  
  17  1:06  Probe  
  19  1:18  Probe  
  19  1:20  Pylon  
  20  1:34  Pylon  
  20  1:36  Pylon  
  20  1:37  Pylon  
  19  1:41  Photon Cannon  
  19  1:51  Cybernetics Core  
  19  1:58  Photon Cannon  
  19  2:00  Probe  
  20  2:18  Pylon  
  20  2:23  Photon Cannon  
  20  2:30  Robotics Facility  
  20  2:33  Shield Battery  
  20  2:37  Adept (Chrono Boost), Shield Battery  
  22  2:51  Shield Battery  
  22  2:58  Photon Cannon  
  22  3:14  Adept (Chrono Boost)  
  24  3:20  Immortal (Chrono Boost)  
  24  3:26  Photon Cannon  
  28  3:32  Shield Battery  
  28  3:38  Shield Battery  
  28  3:44  Shield Battery  
  28  4:00  Shield Battery  
  28  4:04  Immortal (Chrono Boost)  
  32  4:17  Shield Battery  
  32  4:29  Shield Battery  
  32  4:38  Shield Battery  
  32  4:51  Shield Battery  
  32  5:04  Immortal (Chrono Boost)  
  36  5:07  Shield Battery  
  32  5:31  Assimilator  
  32  5:36  Pylon  
  32  5:37  Immortal (Chrono Boost)  
  36  5:48  Stalker  
  37  5:58  Pylon  
Tags
 
Add a new tag
Caveats
  • Supply blocks, unpowered buildings, or Contaminate may cause inaccurate times.
  • Supply counts are checked every 10 seconds.